 Dungeon Crawl Stone Soup version 0.30-a0-777-ga9a30cbeda (webtiles) character file.

Game seed: 7392105169914961034

448 Lobster4 the Digger (level 7, -8/40 HPs)
             Began as a Gargoyle Earth Elementalist on Feb 14, 2023.
             Was an Initiate of Vehumet.
             Mangled by a two-headed ogre
             ... wielding a +0 giant spiked club
              (15 damage)
             ... on level 5 of the Dungeon.
             The game lasted 00:10:31 (2976 turns).

Lobster4 the Digger (Gargoyle Earth Elementalist)   Turns: 2976, Time: 00:10:32

Health: -8/40      AC:  8    Str: 15    XL:     7   Next: 3%
Magic:  5/11       EV: 11    Int: 23    God:    Vehumet [......]
Gold:   183        SH:  0    Dex: 10    Spells: 5/11 levels left

rFire   + + .      SeeInvis +    m - staff of earth
rCold   x . .      Faith    .    (no shield)
rNeg    + + .      Spirit   .    r - +1 leather armour "Keludy" {+Blink Int+6 Slay-2}
rPois   ∞          Reflect  .    t - -2 helmet of Dungo {rF+ rN+ Str-3 SInv}
rElec   +          Harm     .    (no cloak)
rCorr   .          Rampage  .    (no gloves)
Will    .....                    (no boots)
Stlth   ++                       (no amulet)
HPRegen 0.26/turn                j - +6 ring of strength
MPRegen 0.12/turn                l - ring of fire

@: no status effects
A: sickness immunity, AC +4, negative energy resistance 1, electricity
resistance, torment resistance 1, petrification resistance
a: Renounce Religion, Evoke Blink


You were on level 5 of the Dungeon.
You worshipped Vehumet.
Vehumet was noncommittal.
You visited 2 branches of the dungeon, and saw 6 of its levels.

You collected 183 gold pieces.

Inventory:

Hand Weapons
 d - a +0 hand axe
 s - a +0 mace
 u - a +0 sling
Missiles
 v - 3 javelins
Armour
 a - a +0 robe
 q - a +1 leather armour
 r - the +1 leather armour "Keludy" (worn) {+Blink Int+6 Slay-2}
   (You found it on level 3 of the Dungeon)

   Int:       It affects your intelligence (+6).
   Slay:      It affects your accuracy & damage with ranged weapons and melee
   (-2).
   +Blink:    It lets you blink.
 t - the -2 helmet of Dungo (worn) {rF+ rN+ Str-3 SInv}
   (You took it off Robin on level 2 of the Dungeon)

   Str:       It affects your strength (-3).
   rF:        It protects you from fire.
   rN:        It protects you from negative energy.
   SInv:      It lets you see invisible.
 w - a +2 ring mail of cold resistance
Magical Staves
 m - a staff of earth (weapon)
Jewellery
 j - a +6 ring of strength (left hand)
 l - a ring of fire (right hand)
Scrolls
 e - a scroll of blinking {unknown}
 f - a scroll of identify {unknown}
 g - 2 scrolls of teleportation
 i - a scroll of torment {unknown}
 o - a scroll of summoning {unknown}
Potions
 b - a potion of magic
 c - a potion of flight {unknown}
 h - 2 potions of attraction {unknown}
 k - a potion of cancellation {unknown}
 p - a potion of haste {unknown}


   Skills:
 + Level 2.4 Fighting
 + Level 1.7 Staves
 + Level 1.2 Throwing
 + Level 2.3 Armour
 - Level 2.0 Dodging
 - Level 3.0 Stealth
 + Level 2.8 Spellcasting
 + Level 2.2 Conjurations
 - Level 1.0 Transmutations
 + Level 4.8 Earth Magic
 + Level 1.8 Evocations


You had 5 spell levels left.
You knew the following spells:

 Your Spells              Type           Power      Damage    Failure   Level
a - Sandblast             Erth           76%        2d16      1%          1
b - Stone Arrow           Conj/Erth      58%        3d10      10%         3
c - Passwall              Tmut/Erth      20%        N/A       7%          2

Your spell library contained the following spells:

 Spells                   Type           Power      Damage    Failure   Level
 Slow                     Hex            12%        N/A       14%         1
 Wereblood                Tmut           7%         N/A       14%         2
 Confusing Touch          Hex            3%         N/A       41%         3
 Vampiric Draining        Necr           3%         2d6       41%         3
 Petrify                  Tmut/Erth      25%        N/A       41%         4
 Summon Hydra             Summ           1%         N/A       100%        7
 Borgnjor's Revivificati  Necr           1%         N/A       100%        8
 Necromutation            Tmut/Necr      2%         N/A       100%        8
 Death's Door             Necr           1%         N/A       100%        9
 Sublimation of Blood     Necr           Unusable   N/A       N/A         2

Dungeon Overview and Level Annotations

Branches:
Dungeon (5/15)             Temple (1/1) D:5

Altars:
Ashenzari
Dithmenos
Elyvilon
Fedhas
Hepliaklqana
Kikubaaqudgha
Makhleb
Qazlal
Ru
Sif Muna
Uskayaw
Vehumet
Yredelemnul

Shops:
D:3 :

Annotations:
D:1 1 transporter
D:2 Terence
D:3 2 transporters, Grinder; dialectric's ghost, amateur GrFi
D:4 Eustachio


Innate Abilities, Weirdness & Mutations

You are immune to sickness and miasma.
Your stone body is resilient. (AC +4)
You are immune to poison.
You resist negative energy. (rN+)
You are resistant to electric shocks. (rElec)
You are resistant to unholy torment.
You are immune to petrification.


Message History

Casting: Sandblast (safe; 1% risk of failure)
Confirm with . or Enter, or press ? or * to list all spells.
Aiming: Sandblast (safe; 1% risk of failure)
Press: ? - help, Shift-Dir - straight line, f/p - two-headed ogre
Aim: a two-headed ogre, wielding a +0 giant spiked club and a +0 giant club (92% to hit)
You feel a surge of power!
The blast of sand hits the two-headed ogre!
The two-headed ogre is lightly wounded.
Casting: Sandblast (safe; 1% risk of failure)
Confirm with . or Enter, or press ? or * to list all spells.
Aiming: Sandblast (safe; 1% risk of failure)
Press: ? - help, Shift-Dir - straight line, f/p - two-headed ogre
Aim: a two-headed ogre, wielding a +0 giant spiked club and a +0 giant club (lightly wounded, 92% to hit)
You feel a surge of power!
The blast of sand hits the two-headed ogre!
The two-headed ogre is heavily wounded.
The two-headed ogre misses you.
The two-headed ogre completely misses you.
Casting: Sandblast (safe; 1% risk of failure)
Confirm with . or Enter, or press ? or * to list all spells.
Aiming: Sandblast (safe; 1% risk of failure)
Press: ? - help, Shift-Dir - straight line, f/p - two-headed ogre
Aim: a two-headed ogre, wielding a +0 giant spiked club and a +0 giant club (heavily wounded, 92% to hit)
You feel a surge of power!
The blast of sand hits the two-headed ogre.
The two-headed ogre is heavily wounded.
The two-headed ogre hits you with a +0 giant spiked club!
The two-headed ogre hits you with a +0 giant club!
* * * LOW HITPOINT WARNING * * *
Casting: Sandblast (safe; 1% risk of failure)
Confirm with . or Enter, or press ? or * to list all spells.
Aiming: Stone Arrow (dangerous; 10% risk of failure)
Press: ? - help, Shift-Dir - straight line, f/p - two-headed ogre
Aim: a two-headed ogre, wielding a +0 giant spiked club and a +0 giant club (heavily wounded, 86% to hit)
You feel a surge of power!
The stone arrow hits the two-headed ogre!!
The two-headed ogre is almost dead.
The two-headed ogre misses you.
The two-headed ogre hits you with a +0 giant club!
You die...

......## #.## #.....# .##
####..### #..####
##.....## #......###...
#.......####..##....)....
.............###........#
#.......>...###........#
#####..................#
#######.....@###..#
##.....O....#
#####......### ###......#
###(..$... #(..... .(..5.
..... .....


You could see a two-headed ogre.

Vanquished Creatures
  Sigmund (D:3)
  A scorpion (D:5)
  An orc priest (D:5)
  Jessica (D:3)
  An orc wizard (D:5)
  Robin (D:2)
  3 adders
  2 worms (D:2)
  A dart slug (D:1)
  8 orcs
  12 endoplasms
  3 giant cockroaches
  14 goblins
  14 hobgoblins
  2 quokkas (D:1)
  7 ball pythons
  6 bats
  8 kobolds
  4 rats
90 creatures vanquished.

Vanquished Creatures (others)
  2 plants (D:2)
2 creatures vanquished.

Grand Total: 92 creatures vanquished

Notes
Turn   | Place    | Note
-------+----------+-------------------------------------------
     0 | D:1      | Lobster4 the Gargoyle Earth Elementalist began the quest
                  | for the Orb.
     0 | D:1      | Reached XP level 1. HP: 10/10 MP: 3/3
    67 | D:1      | Reached XP level 2. HP: 12/16 MP: 0/5
   251 | D:1      | Reached skill level 1 in Transmutations
   462 | D:1      | Reached XP level 3. HP: 17/20 MP: 1/6
   613 | D:1      | Reached skill level 1 in Fighting
   747 | D:1      | Learned a level 3 spell: Stone Arrow
   750 | D:1      | Learned a level 2 spell: Passwall
   879 | D:2      | Found a burning altar of Makhleb.
   899 | D:2      | Reached skill level 4 in Earth Magic
   987 | D:2      | Noticed a scorpion
  1015 | D:2      | Identified the -2 helmet of Dungo {rF+ rN+ Str-3 SInv}
  1015 | D:2      | Noticed Robin
  1049 | D:2      | Reached skill level 1 in Conjurations
  1051 | D:2      | Killed Robin
  1052 | D:2      | Reached XP level 4. HP: 25/25 MP: 1/7
  1257 | D:2      | Reached skill level 1 in Armour
  1312 | D:2      | Noticed Terence
  1986 | D:3      | Noticed Jessica
  1990 | D:3      | Killed Jessica
  1991 | D:3      | Reached skill level 1 in Evocations
  1991 | D:3      | Reached XP level 5. HP: 29/29 MP: 5/8
  2135 | D:3      | Found Mottif's Book Boutique.
  2193 | D:3      | Found a transporter.
  2199 | D:3      | Noticed dialectric's ghost (amateur GrFi)
  2209 | D:3      | Found a transporter.
  2221 | D:3      | Noticed Grinder
  2223 | D:3      | Paralysed by Grinder for 4 turns
  2258 | D:3      | Reached skill level 1 in Staves
  2270 | D:3      | Noticed Sigmund
  2291 | D:3      | Killed Sigmund
  2292 | D:3      | Reached XP level 6. HP: 24/35 MP: 1/10
  2396 | D:3      | Identified the +1 leather armour "Keludy" {+Blink Int+6
                  | Slay-2}
  2527 | D:3      | You fall into a shaft and drop 2 floors!
  2527 | D:5      | Entered Level 5 of the Dungeon
  2544 | D:5      | Found a staircase to the Ecumenical Temple.
  2550 | Temple   | Entered the Ecumenical Temple
  2647 | Temple   | Became a worshipper of Vehumet
  2788 | D:5      | Reached skill level 1 in Throwing
  2905 | D:5      | Reached XP level 7. HP: 40/40 MP: 8/11
  2954 | D:4      | Noticed Eustachio
  2965 | D:5      | Noticed a two-headed ogre
  2976 | D:5      | Mangled by a two-headed ogre

Illustrated notes

Levels and vault maps discovered:
D:1:      spicycebolla_arrival_risky_transporter, layout_basic
D:2:      layout_basic, basic_altar, serial_bayou_ford_a, uniq_terence,
          uniq_robin
D:3:      layout_basic, serial_shops, shop, gammafunk_ghost_arena, uniq_jessica,
          uniq_sigmund, uniq_grinder
D:4:      cheibrodos_fertilizer, layout_rooms, uniq_eustachio
D:5:      layout_layer_cave, mainiacjoe_overflow_catch_the_wave,
          lemuel_doored_altar, minmay_temple_entry_hall
Temple:   nicolae_temple_bog_church

Skill      XL: |  1  2  3  4  5  6 |
---------------+-------------------+-----
Transmutations | 1 |  1.0
Fighting       | 1 2 |  2.4
Earth Magic    | 4 |  4.8
Conjurations   | 1 2 |  2.2
Dodging        | 2 |  2.0
Armour         | 1 2 |  2.3
Stealth        | 3 |  3.0
Evocations     | 1 |  1.8
Staves         | 1 |  1.7
Throwing       | 1 |  1.2
Spellcasting   | |  2.8

Action                     |  1- 3 |  4- 6 |  7- 9 || total
---------------------------+-------+-------+-------++-------
  Melee: Unarmed           |     1 |       |       ||     1
         Hand axe          |     8 |       |       ||     8
         Staff             |     1 |     1 |       ||     2
  Throw: Dart              |       |     2 |     4 ||     6
   Cast: Sandblast         |    51 |    68 |     3 ||   122
         Stone Arrow       |       |       |     1 ||     1
    Use: Scroll            |     1 |     3 |       ||     4
 Armour: Robe              |    13 |     6 |       ||    19
  Dodge: Dodged            |    20 |     9 |     3 ||    32

Table legend: (Time is in decaauts)
 A = Elapsed time spent in this place.
 B = Non-inter-level travel time spent in this place.
 C = Inter-level travel time spent in this place.
 D = Time resting spent in this place.
 E = Time spent auto-exploring this place.
 F = Levels seen in this place.
 G = Mean time per level.
                   A        B        C        D        E       F      G
               +--------+--------+--------+--------+--------+-----+--------+
         Total |   3050 |   2991 |     59 |    153 |   2131 |   6 |  508.3 |
       Dungeon |   2801 |   2765 |     36 |    128 |   1955 |   5 |  560.2 |
        Temple |    248 |    225 |     23 |     25 |    176 |   1 |  248.0 |
               +--------+--------+--------+--------+--------+-----+--------+

Top non-repeatable levels by time:
     D:2: 1131 daAuts
     D:1: 840 daAuts
     D:3: 611 daAuts
  Temple: 248 daAuts
     D:5: 215 daAuts
     D:4: 2 daAuts
